 Dungeon Crawl Stone Soup version 0.27.1-16-g815e20cd7a (webtiles) character file.

Game seed: 11305746323913482802

14 Descartes the Grasshopper (level 2, 0/13 HPs)
             Began as a Felid Warper on Nov 23, 2021.
             Succumbed to an adder's poison
             ... on level 1 of the Dungeon.
             The game lasted 00:01:31 (1103 turns).

Descartes the Grasshopper (Felid Warper)            Turns: 1103, Time: 00:01:32

Health: 0/13       AC:  1    Str:  7    XL:     2   Next: 31%
Magic:  6/6        EV: 18    Int: 14    God:
Gold:   16         SH:  0    Dex: 15    Spells: 5/5 levels left
                                        Lives:  0   Deaths: 0

rFire    . . .     SeeInvis +     - Unarmed
rCold    . . .     Faith    .   (shield unavailable)
rNeg     . . .     Spirit   .   (armour unavailable)
rPois    .         Reflect  .   (helmet unavailable)
rElec    .         Harm     .   (cloak unavailable)
rCorr    .         Rampage  .   (gloves unavailable)
Will     .....                  (boots unavailable)
Stlth    +.........             (no amulet)
HPRegen  0.04/turn              (no ring)
MPRegen  0.10/turn              (no ring)

@: lethally poisoned (0 -> -7), quick
A: very small, claws 1, fangs 3, see invisible, speed 1, shaggy fur 1, stealthy
paws, no weapons or thrown items, no armour, multi-lived
a: no special abilities


You were on level 1 of the Dungeon.
You visited 1 branch of the dungeon, and saw 2 of its levels.

You collected 16 gold pieces.

Inventory:

Missiles
 b - 30 stones
Scrolls
 a - a scroll of blinking
 c - a scroll of identify {unknown}
 d - a scroll of fear {unknown}


   Skills:
 - Level 2.0 Fighting
 * Level 4.1 Dodging
 + Level 2.3 Unarmed Combat
 - Level 2.0 Spellcasting
 - Level 4.4 Translocations


You had 5 spell levels left.
You didn't know any spells.
Your spell library contained the following spells:

 Spells                   Type           Power      Damage    Failure   Level
 Blink                    Tloc           N/A        N/A       6%          2
 Gell's Gravitas          Tloc           6%         N/A       12%         3
 Lesser Beckoning         Tloc           6%         N/A       12%         3
 Teleport Other           Tloc           13%        N/A       12%         3
 Manifold Assault         Tloc           13%        N/A       73%         5


Dungeon Overview and Level Annotations

Branches:
Dungeon (2/15)

Altars:


Innate Abilities, Weirdness & Mutations

You have sharp claws.
You have razor-sharp teeth.
You have supernaturally acute eyesight. (SInv)
You cover ground quickly. (Speed+)
You are covered in fur. (AC +1)
Your paws help you pounce on unaware monsters.
You are incapable of wielding weapons or throwing items.
You cannot wear armour.
You gain extra lives every three experience levels.


Message History

You are too injured to fight recklessly!
You are too injured to fight recklessly!
You are too injured to fight recklessly!
There is a stone staircase leading up here.
You climb upwards.
There is a stone staircase leading down here.
HP restored.
Done exploring.
You see here 21 sling bullets.
There is a stone staircase leading down here.
You climb downwards.
The adder hisses angrily.
The teleport trap disappears.
The rat disappears!
Found a blackened garnet amulet.
There is a stone staircase leading up here.
An adder comes into view.
The adder hisses angrily.
The hobgoblin shouts!
The adder misses you.
A rat comes into view.
You closely miss the adder. You closely miss the adder.
Your bite misses the adder. The adder bites you.
The adder completely misses you. The adder bites you.
You are poisoned.
The adder poisons you!
You scratch the adder.
The adder is heavily wounded.
You feel sick. The adder barely misses you. The adder completely misses you.
There is a stone staircase leading up here.
You feel sick. The adder closely misses you. The adder bites you.
You are lethally poisoned!
The adder poisons you!
You climb upwards.
* * * LOW HITPOINT WARNING * * *
You feel very sick.
There is a stone staircase leading down here.
You aren't carrying any potions.
You aren't carrying any potions.
You aren't carrying any potions.
You scratch the adder but do no damage.
You die...

...........##...##......>.##
..........###.###..........#
..............# #..........#
...........#..###..........#
..>.....#..##..............#
##...####..#...............#
...#.#####................##
...#.#.........S......)..##
................@..)....###
...######..........####...#
...# ###).........# ###.#
...####............######.##
#.......##.........##......#
.....)###..##.##......######
.....#....###.####......#
.....#.######.#####.###.#
.........###...##...# #.#


You could see an adder.

Vanquished Creatures
  A ball python (D:1)
  3 endoplasms
  A giant cockroach (D:1)
  3 jackals (D:1)
  A bat (D:1)
  2 kobolds (D:1)
  A rat (D:1)
12 creatures vanquished.

Notes
Turn   | Place    | Note
-------+----------+-------------------------------------------
     0 | D:1      | Descartes the Felid Warper began the quest for the Orb.
     0 | D:1      | Reached XP level 1. HP: 9/9 MP: 4/4
   415 | D:1      | Found a faded altar of an unknown god.
   472 | D:1      | Reached XP level 2. HP: 13/13 MP: 6/6
  1103 | D:1      | Succumbed to an adder's poison

Illustrated notes

Levels and vault maps discovered:
D:1:      lightli_arrival_flooded_house, layout_rooms,
          dreamdust_ecumenical_altar_hidden_monk_grotto
D:2:      layout_basic, basic_altar, minmay_cupped, uniq_natasha, uniq_robin

Skill      XL: |  1  2 |
---------------+-------+-----
Dodging        | 4 |  4.1
Fighting       | |  2.0
Unarmed Combat | |  2.3
Spellcasting   | |  2.0
Translocations | |  4.4

Action                   || total
-------------------------++-------
Melee: Unarmed           ||    39
       Bite              ||     2
Armor: Skin              ||     2
Dodge: Dodged            ||    30
